 Dungeon Crawl Stone Soup version bcrawl-1.40.3b (webtiles) character file.

Game seed: 17466192587850558878

402342 rumpelstilzz the Basher (level 10, -3/86 HPs)
             Began as a Troll Hunter on Jan 17, 2024.
             Was a Follower of Hepliaklqana.
             Slain by a harpy zombie (7 damage)
             ... on level 8 of the Dungeon.
             The game lasted 00:16:47 (5985 turns).

rumpelstilzz the Basher (Troll Hunter)              Turns: 5985, Time: 00:16:48

Health: -3/86      AC:  8    Str: 24    XL:     10   Next: 27%
Magic:  0/9        EV: 11    Int: 11    God:    Hepliaklqana [*.....]
Gold:   382        SH:  0    Dex: 10    Spells: 7/9 levels left

rFire    x . .     GDR:     26% a - +5 giant spiked club
rCold    + . .     SeeInvis .   (shield currently unavailable)
rNeg     . . .     Gourm    +   (armour unavailable)
rPois    .         Faith    .   (helmet restricted)
rElec    .         Spirit   +   (no cloak)
rCorr    .         Reflect  .   (gloves unavailable)
MR       .....                  (boots unavailable)
Stlth    ++........             r - amulet of guardian spirit
HPRegen  0.64/turn              q - ring of Truth {Ice Str+2}
MPRegen  0.11/turn              (no ring)

@: no status effects
A: large, almost no armour, reduced essence, claws 3, fast metabolism 3,
gourmand, regeneration 1, AC +8
a: Recall Ancestor, Ancestor Identity, Renounce Religion


You were on level 8 of the Dungeon.
You worshipped Hepliaklqana.
Hepliaklqana was aware of your devotion.
You were very full.

You visited 2 branches of the dungeon, and saw 9 of its levels.
You also visited: Ossuary.

You collected 632 gold pieces.
You spent 250 gold pieces at shops.

Inventory:

Hand Weapons
 a - a +5 giant spiked club (weapon)
Missiles
 b - 69 large rocks (quivered)
 c - 2 throwing nets {=f}
 g - 1480 stones
Jewellery
 q - the ring of Truth (left claw) {Ice Str+2}
   (You found it on level 2 of the Dungeon)

   [ring of ice]

   It enhances your ice magic.
   It affects your strength (+2).
   It makes you vulnerable to fire.
   It protects you from cold.
 r - an amulet of guardian spirit (around neck)
Wands
 u - a wand of disintegration (20)
Scrolls
 d - 2 scrolls of enchant armour
 i - 7 scrolls of identify
 m - 6 scrolls of teleportation
 o - 2 scrolls of remove curse
 v - a scroll of immolation
Potions
 f - 3 potions of invisibility
 h - 3 potions of heal wounds
 j - 3 potions of curing
 k - a potion of berserk rage
 l - 2 potions of flight
 n - a potion of ambrosia
 p - a potion of mutation
 t - a potion of resistance
Comestibles
 e - 20 rations {!d}
 s - 4 chunks of flesh


   Skills:
 + Level 5.2 Fighting
 + Level 11.0 Maces & Flails
 + Level 6.3 Throwing
 + Level 4.7 Dodging
 + Level 1.5 Stealth


You had 7 spell levels left.
You knew the following spells:

 Your Spells              Type           Power        Failure   Level  Hunger
a - Ensorcelled Hibernat  Hex/Ice        #.....       47%         2    ####...

Your spell library contained the following spells:

 Spells                   Type           Power        Failure   Level  Hunger
 Beastly Appendage        Tmut           #.....       34%         1    None
 Slow                     Hex            #.......     34%         1    None
 Confuse                  Hex            #.......     71%         3    #####..
 Dazzling Orbs            Conj/Hex       #......      71%         3    #####..
 Stone Arrow              Conj/Erth      #.....       71%         3    #####..
 Tukima's Dance           Hex            #.......     71%         3    #####..
 Cause Fear               Hex            #.........   98%         4    ######.
 Bolt of Magma            Conj/Fire/Erth #.........   100%        5    #######
 Lee's Rapid Deconstruct  Erth           #.........   100%        5    #######
 Borgnjor's Vile Clutch   Necr/Erth      #.........   100%        6    #######


Dungeon Overview and Level Annotations

Branches:
Dungeon (8/12)             Temple (1/1) D:5            Lair (0/6) D:7
    Orc: D:8-11

Altars:
Ashenzari
Cheibriados
Dithmenos
Elyvilon
Fedhas
Gozag
Hepliaklqana
Kikubaaqudgha
Lugonu
Makhleb
Nemelex Xobeh
Okawaru
Ru
Sif Muna
Trog
Uskayaw
Vehumet
Wu Jian
Xom
Yredelemnul
Zin
The Shining One

Shops:
D:4 :   D:5 }   D:6 (

Annotations:
D:4 3 runed translucent doors, yrara's ghost, amateur DsFi
D:7 2 transporters, 1 runed door, Burana's ghost, novice VSAc


Innate Abilities, Weirdness & Mutations

You cannot wear most types of armour.
Your thick skin is tough. (AC +8)
You are too large for most types of armour.
You have claws for hands.
Your metabolism is lightning-fast.
You like to eat raw meat.
Your natural rate of healing is unusually fast.
Your life essence is reduced to manifest your ancestor. (-10% HP)


Message History

* * * LOW HITPOINT WARNING * * *
The harpy zombie claws you but does no damage.
You hit the harpy zombie.
The harpy zombie is lightly damaged.
The harpy zombie claws you!
* * * LOW HITPOINT WARNING * * *
The harpy zombie claws you but does no damage.
The harpy zombie barely misses you. x2; The harpy zombie misses you.
The harpy zombie claws you.
* * * LOW HITPOINT WARNING * * *
You barely miss the harpy zombie.
The harpy zombie is lightly damaged.
The harpy zombie claws you.
* * * LOW HITPOINT WARNING * * *
The harpy zombie claws you.
* * * LOW HITPOINT WARNING * * *
The harpy zombie closely misses you.
The harpy zombie claws you but does no damage.
The harpy zombie claws you!
You die...

.......
......Z
.......
.......
.......
.......###
.........#
#.######Z###
.....##)@.#
#...<#......#
#############


You could see a harpy zombie.

Vanquished Creatures
  A two-headed ogre (D:8)
  Pikel (D:5)
  A human (D:7)
  2 hogs (D:7)
  2 wargs (D:7)
  Duvessa (D:7)
  2 orc warriors
  A sky beast (D:4)
  An ice beast (D:6)
  A hornet zombie (D:5)
  3 ogres
  A necrophage (D:7)
  2 bullfrogs
  Dowan (D:7)
  2 centaurs (D:7)
  4 scorpions
  A howler monkey (D:7)
  2 orc priests (D:7)
  A hound (D:5)
  A human zombie (Ossuary)
  An orc wizard (D:7)
  6 worker ants
  3 hound skeletons
  2 mummies (Ossuary)
  A howler monkey zombie (D:5)
  Robin (D:3)
  A centaur zombie (Ossuary)
  A howler monkey skeleton (D:4)
  3 adders
  3 shadow imps
  3 oozes
  4 adder zombies
  6 worms
  A dart slug (D:1)
  6 orcs
  2 giant cockroaches
  5 hobgoblins
  10 jackals
  4 quokkas
  A ball python (D:1)
  5 bats
  5 frilled lizards
  4 goblins
  4 goblin zombies (Ossuary)
  8 hobgoblin zombies (Ossuary)
  8 kobolds
  8 kobold zombies (Ossuary)
  8 orc zombies (Ossuary)
  5 rats (D:1)
150 creatures vanquished.

Vanquished Creatures (collateral kills)
  Erica (D:8)
  2 hogs (D:7)
  An orc warrior (D:7)
  2 orc wizards (D:6)
  2 orcs
  2 hobgoblin zombies (Ossuary)
  2 kobold zombies (Ossuary)
12 creatures vanquished.

Vanquished Creatures (others)
  An ice beast (D:5)
  A slave (D:5)
  A centaur (D:5)
  5 ancestors
  A butterfly (D:6)
9 creatures vanquished.

Grand Total: 171 creatures vanquished

Notes
Turn   | Place    | Note
-------+----------+-------------------------------------------
     0 | D:1      | rumpelstilzz the Troll Hunter began the quest for the Orb.
     0 | D:1      | Reached XP level 1. HP: 19/19 MP: 0/0
   174 | D:1      | Reached XP level 2. HP: 21/28 MP: 1/1
   689 | D:1      | Reached XP level 3. HP: 32/35 MP: 2/2
   908 | D:2      | Found a shadowy altar of Dithmenos.
  1162 | D:2      | Found an iron altar of Okawaru.
  1168 | D:2      | Reached skill level 1 in Maces & Flails
  1292 | D:2      | Got a glittering lapis lazuli ring
  1293 | D:2      | Found a bloodstained altar of Trog.
  1697 | D:3      | Gained mutation: Your natural rate of healing is unusually
                  | fast. [Troll growth]
  1697 | D:3      | Reached XP level 4. HP: 28/42 MP: 3/3
  1743 | D:3      | Reached skill level 2 in Maces & Flails
  1797 | D:3      | Noticed Robin
  1803 | D:3      | Killed Robin
  2238 | D:4      | Noticed yrara's ghost (amateur DsFi)
  2254 | D:4      | Found a runed translucent gate.
  2254 | D:4      | Found a runed translucent gate.
  2255 | D:4      | Found a runed translucent gate.
  2297 | D:4      | Found Meduzuph's Book Shoppe.
  2301 | D:4      | Bought a book of Maledictions for 250 gold pieces
  2304 | D:4      | Learned a level 2 spell: Ensorcelled Hibernation
  2355 | D:4      | Reached XP level 5. HP: 45/49 MP: 4/4
  2389 | D:4      | Reached skill level 3 in Maces & Flails
  2667 | D:4      | Noticed an ogre
  2669 | D:4      | Killed an ogre
  2670 | D:4      | Reached XP level 6. HP: 57/57 MP: 5/5
  2694 | D:4      | Noticed a sky beast
  2709 | D:4      | Killed a sky beast
  2710 | D:4      | Reached skill level 4 in Maces & Flails
  2712 | D:4      | Reached skill level 5 in Throwing
  2816 | D:4      | Identified the cursed ring of Truth {Ice Str+2} (You found
                  | it on level 2 of the Dungeon)
  2898 | D:4      | Reached XP level 7. HP: 62/66 MP: 3/6
  2921 | D:4      | Found a snail-covered altar of Cheibriados.
  3033 | D:5      | Entered Level 5 of the Dungeon
  3103 | D:5      | Found a staircase to the Ecumenical Temple.
  3110 | Temple   | Entered the Ecumenical Temple
  3141 | Temple   | Became a worshipper of Hepliaklqana the Forgotten
  3209 | D:5      | Reached skill level 1 in Stealth
  3255 | D:5      | Found Goveyrae's Gadget Shop.
  3326 | D:5      | Found an ornate altar of the Wu Jian Council.
  3329 | D:5      | Noticed Pikel
  3339 | D:5      | Killed Pikel
  3340 | D:5      | Reached skill level 6 in Maces & Flails
  3340 | D:5      | Reached XP level 8. HP: 67/67 MP: 7/7
  3391 | D:5      | Found a blossoming altar of Fedhas.
  3599 | D:5      | Identified the Compendium of Mutagenic Earth
  3996 | D:6      | Found an opulent altar of Gozag.
  4010 | D:6      | HP: 3/67 [ice beast (2)]
  4013 | D:6      | Reached skill level 7 in Maces & Flails
  4082 | D:6      | Found Ninerhaiz's Weapon Shop.
  4143 | D:6      | Found a glowing golden altar of the Shining One.
  4143 | D:6      | Found a sacrificial altar of Ru.
  4145 | D:6      | Found a radiant altar of Vehumet.
  4226 | D:6      | Found a white marble altar of Elyvilon.
  4240 | D:6      | Found a sand-covered staircase.
  4244 | Ossuary  | Entered an ossuary
  4506 | D:6      | Reached * piety under Hepliaklqana
  4796 | D:7      | Reached skill level 8 in Maces & Flails
  4923 | D:7      | Found a transporter.
  4924 | D:7      | Noticed Burana's ghost (novice VSAc)
  4924 | D:7      | Noticed a moth of wrath
  4924 | D:7      | Identified the ring of Daptan {*Tele rC- Str+8 Int+8
                  | Slay-5}
  4925 | D:7      | Noticed a hippogriff
  4983 | D:7      | Reached XP level 9. HP: 70/75 MP: 6/8
  4988 | D:7      | Noticed Duvessa
  4991 | D:7      | Killed Duvessa
  4991 | D:7      | Noticed Dowan
  5011 | D:7      | Killed Dowan
  5012 | D:7      | Reached skill level 9 in Maces & Flails
  5067 | D:7      | Found a staircase to the Lair.
  5226 | D:7      | Found a bloodstained altar of Trog.
  5266 | D:7      | Found a transporter.
  5390 | D:7      | Found a burning altar of Makhleb.
  5489 | D:7      | Found a runed door.
  5747 | D:7      | Reached skill level 10 in Maces & Flails
  5940 | D:7      | Found a basalt altar of Yredelemnul.
  5968 | D:8      | Noticed Erica
  5976 | D:8      | Noticed a two-headed ogre
  5978 | D:8      | Killed Erica
  5979 | D:8      | Reached skill level 5 in Fighting
  5979 | D:8      | Reached XP level 10. HP: 83/86 MP: 9/9
  5982 | D:8      | Killed a two-headed ogre
  5983 | D:8      | Reached skill level 11 in Maces & Flails
  5985 | D:8      | HP: 4/86 [harpy zombie (4)]
  5985 | D:8      | Slain by a harpy zombie

Skill      XL: |  1  2  3  4  5  6  7  8  9 10 |
---------------+-------------------------------+-----
Throwing       | 4 5 6 |  6.3
Maces & Flails | 1 2 3 4 6 8 10 11 | 11.0
Fighting       | 2 3 5 |  5.2
Dodging        | 2 3 4 |  4.7
Stealth        | 1 |  1.5

Action                   |  1- 3 |  4- 6 |  7- 9 | 10-12 || total
-------------------------+-------+-------+-------+-------++-------
Melee: Mace              |   112 |    81 |       |       ||   193
       Short sword       |     3 |       |       |       ||     3
       Club              |     2 |       |       |       ||     2
       Giant spiked club |       |    14 |   163 |     7 ||   184
Throw: Large rock        |     2 |    22 |    27 |       ||    51
  Use: Scroll            |       |    16 |     3 |       ||    19
       Potion            |       |       |     1 |       ||     1
 Stab: Sleeping          |     1 |       |       |       ||     1
       Distracted        |       |       |     2 |       ||     2
  Eat: Chunk             |    20 |    12 |    28 |       ||    60
Armor: Skin              |    66 |    37 |    67 |     9 ||   179
Dodge: Dodged            |    98 |    58 |    93 |    12 ||   261
